 Dungeon Crawl Stone Soup version 0.28.0-53-g5a82cb258f (webtiles) character file.

Game seed: 177395796835485881

1045 MilanorTSW the Shield-Bearer (level 8, 0/67 HPs)
             Began as a Gnoll Fighter on June 17, 2022.
             Was a Believer of Okawaru.
             Slain by a seven-headed hydra (11 damage)
             ... on level 5 of the Dungeon.
             The game lasted 00:15:00 (5082 turns).

MilanorTSW the Shield-Bearer (Gnoll Fighter)        Turns: 5082, Time: 00:15:00

Health: 0/67       AC: 13    Str: 17    XL:     8   Next: 25%
Magic:  12/12      EV:  8    Int:  8    God:    Okawaru [**....]
Gold:   155        SH:  5    Dex: 12    Spells: 12/13 levels left

rFire   . . .      SeeInvis .   a - +0 war axe
rCold   . . .      Faith    .   c - +0 buckler
rNeg    . . .      Spirit   .   i - +0 chain mail
rPois   .          Reflect  .   (no helmet)
rElec   .          Harm     .   (no cloak)
rCorr   .          Rampage  .   p - +2 pair of gloves
Will    .....                   (no boots)
Stlth   ..........              (no amulet)
HPRegen 0.21/turn               k - ring of wizardry
MPRegen 0.13/turn               (no ring)

@: no status effects
A: fangs 1, strong nose, distributed training
a: Renounce Religion, Heroism


You were on level 5 of the Dungeon.
You worshipped Okawaru.
Okawaru was pleased with you.
You visited 2 branches of the dungeon, and saw 7 of its levels.

You collected 155 gold pieces.

Inventory:

Hand Weapons
 a - a +0 war axe (weapon)
Missiles
 f - 136 stones (quivered)
 n - 2 throwing nets
Armour
 b - a +0 scale mail
 c - a +0 buckler (worn)
 i - a +0 chain mail (worn)
 p - a +2 pair of gloves (worn)
Jewellery
 k - a ring of wizardry (left hand)
Scrolls
 e - a scroll of teleportation {unknown}
 g - a scroll of amnesia
 j - 5 scrolls of identify
 q - a scroll of noise {unknown}
Potions
 d - a potion of might
 h - a potion of magic
 l - a potion of attraction {unknown}
 m - a potion of lignification
 o - a potion of heal wounds


   Skills:
 + Level 7.3 Fighting
 + Level 3.1 Short Blades
 + Level 3.1 Long Blades
 + Level 5.6 Axes
 + Level 3.1 Maces & Flails
 + Level 3.1 Polearms
 + Level 3.1 Staves
 + Level 3.1 Slings
 + Level 3.1 Bows
 + Level 3.1 Crossbows
 + Level 3.1 Throwing
 + Level 7.3 Armour
 + Level 3.1 Dodging
 + Level 3.1 Stealth
 + Level 7.3 Shields
 + Level 3.1 Unarmed Combat
 + Level 3.1 Spellcasting
 + Level 2.5 Conjurations
 + Level 2.5 Hexes
 + Level 2.5 Summonings
 + Level 2.5 Necromancy
 + Level 2.5 Translocations
 + Level 2.5 Transmutations
 + Level 2.5 Fire Magic
 + Level 2.5 Ice Magic
 + Level 2.5 Air Magic
 + Level 2.5 Earth Magic
 + Level 2.5 Poison Magic
 + Level 3.4 Invocations
 + Level 3.1 Evocations


You had 12 spell levels left.
You knew the following spells:

 Your Spells              Type           Power      Damage    Failure   Level
a - Magic Dart            Conj           20%        1d4       52%         1

Your spell library contained the following spells:

 Spells                   Type           Power      Damage    Failure   Level
 Mephitic Cloud           Conj/Pois/Air  5%         N/A       86%         3
 Call Imp                 Summ           Unusable   N/A       N/A         2

Dungeon Overview and Level Annotations

Branches:
Dungeon (6/15)             Temple (1/1) D:4

Altars:
Dithmenos
Elyvilon
Gozag
Kikubaaqudgha
Makhleb
Nemelex Xobeh
Okawaru
Qazlal
Ru
Sif Muna
Uskayaw

Annotations:
D:4 2 transporters, Valamore's ghost, amateur TrMo


Innate Abilities, Weirdness & Mutations

You have very sharp teeth.
Your uncanny sense of smell can sniff out nearby items.
Your experience applies equally to all skills.


Message History

There are monsters nearby!
You block the seven-headed hydra's attack.
The seven-headed hydra bites you. x2
The seven-headed hydra bites you but does no damage.
The seven-headed hydra bites you.
The seven-headed hydra bites you but does no damage.
The seven-headed hydra closely misses you.
The orc warrior hits you from afar with a +0 halberd!
You climb upwards.
There is a stone staircase leading down, spattered with blood here.
Okay, then.
Okay, then.
Okay, then.
You open the door.
The seven-headed hydra bites you but does no damage. x2
The seven-headed hydra bites you. x2
The seven-headed hydra completely misses you.
You block the seven-headed hydra's attack.
The seven-headed hydra bites you!
There is an open door here.
You open the door.
You block the seven-headed hydra's attack.
The seven-headed hydra barely misses you.
The seven-headed hydra bites you. x2
The seven-headed hydra bites you but does no damage. x2
The seven-headed hydra bites you!
* * * LOW HITPOINT WARNING * * *
There is an open door here.
There's nothing to close nearby.
There's a creature in the doorway!
You block the seven-headed hydra's attack.
The seven-headed hydra barely misses you.
You block the seven-headed hydra's attack.
The seven-headed hydra bites you.
* * * LOW HITPOINT WARNING * * *
The seven-headed hydra bites you but does no damage.
The seven-headed hydra bites you!
* * * LOW HITPOINT WARNING * * *
The seven-headed hydra bites you!
You die...

############## #....##......#
##....##......# ####
#.............# ...#
#......@......# ...#
#.......D.....#
...########.....##'#####
##........#.........#
##........#........[#
..........#.........#########
######....#.................#
####....#..........######.#
:::##....#..............##.#


You could see a seven-headed hydra.

Vanquished Creatures
  A black bear (D:5)
  An ogre (D:4)
  A centaur (D:5)
  A phantom (D:5)
  A water moccasin zombie (D:5)
  A vampire bat (D:5)
  4 bullfrog zombies (D:5)
  A centaur zombie (D:5)
  2 hounds (D:4)
  An orc priest (D:6)
  Jessica (D:2)
  2 iguanas (D:4)
  2 bullfrog skeletons (D:4)
  Robin (D:2)
  3 adders (D:4)
  A shadow imp (D:4)
  4 dart slugs
  3 fire bats (D:5)
  6 orcs
  2 spectral bats (D:5)
  4 ball pythons
  3 bat skeletons (D:5)
  A bat zombie (D:5)
  6 endoplasms
  3 giant cockroaches
  14 goblins
  12 hobgoblins
  3 jackals (D:2)
  3 quokkas
  15 bats
  A bat simulacrum (D:5)
  3 frilled lizards
  7 kobolds
  9 rats
123 creatures vanquished.

Vanquished Creatures (others)
  20 plants
20 creatures vanquished.

Grand Total: 143 creatures vanquished

Notes
Turn   | Place    | Note
-------+----------+-------------------------------------------
     0 | D:1      | MilanorTSW the Gnoll Fighter began the quest for the Orb.
     0 | D:1      | Reached XP level 1. HP: 23/23 MP: 1/1
   125 | D:1      | Reached XP level 2. HP: 29/29 MP: 2/2
   308 | D:1      | Found a faded altar of an unknown god.
   406 | D:1      | Reached XP level 3. HP: 30/35 MP: 3/3
   784 | D:2      | Noticed Robin
   789 | D:1      | Reached skill level 1 in Invocations
   911 | D:2      | Killed Robin
   912 | D:2      | Reached skill level 1 in Short Blades
   912 | D:2      | Reached skill level 1 in Long Blades
   912 | D:2      | Reached skill level 1 in Maces & Flails
   912 | D:2      | Reached skill level 1 in Polearms
   912 | D:2      | Reached skill level 1 in Staves
   912 | D:2      | Reached skill level 1 in Slings
   912 | D:2      | Reached skill level 1 in Bows
   912 | D:2      | Reached skill level 1 in Crossbows
   912 | D:2      | Reached skill level 1 in Throwing
   912 | D:2      | Reached skill level 1 in Dodging
   912 | D:2      | Reached skill level 1 in Stealth
   912 | D:2      | Reached skill level 1 in Unarmed Combat
   912 | D:2      | Reached skill level 1 in Spellcasting
   912 | D:2      | Reached skill level 1 in Evocations
   912 | D:2      | Reached XP level 4. HP: 29/41 MP: 5/5
  1051 | D:2      | Found an opulent altar of Gozag.
  1125 | D:2      | Noticed Jessica
  1135 | D:2      | Killed Jessica
  1136 | D:2      | Reached skill level 1 in Conjurations
  1136 | D:2      | Reached skill level 1 in Hexes
  1136 | D:2      | Reached skill level 1 in Summonings
  1136 | D:2      | Reached skill level 1 in Necromancy
  1136 | D:2      | Reached skill level 1 in Translocations
  1136 | D:2      | Reached skill level 1 in Transmutations
  1136 | D:2      | Reached skill level 1 in Fire Magic
  1136 | D:2      | Reached skill level 1 in Ice Magic
  1136 | D:2      | Reached skill level 1 in Air Magic
  1136 | D:2      | Reached skill level 1 in Earth Magic
  1136 | D:2      | Reached skill level 1 in Poison Magic
  1856 | D:3      | Reached XP level 5. HP: 47/47 MP: 6/6
  2124 | D:3      | Learned a level 1 spell: Magic Dart
  2147 | D:3      | Found a sparkling altar of Nemelex Xobeh.
  2605 | D:4      | Found a staircase to the Ecumenical Temple.
  2656 | Temple   | Entered the Ecumenical Temple
  2680 | Temple   | Became a worshipper of Warmaster Okawaru
  2720 | D:4      | Found a transporter.
  2726 | D:4      | Found a transporter.
  2727 | D:4      | Noticed Valamore's ghost (amateur TrMo)
  2782 | D:4      | Noticed an ogre
  3103 | D:4      | Reached XP level 6. HP: 41/53 MP: 8/8
  3263 | D:4      | Found a sacrificial altar of Ru.
  3357 | D:4      | Reached skill level 5 in Axes
  3717 | D:5      | Entered Level 5 of the Dungeon
  3747 | D:5      | Found a stormy altar of Qazlal.
  3829 | D:5      | Reached * piety under Okawaru
  3830 | D:5      | Reached XP level 7. HP: 58/60 MP: 10/10
  4316 | D:5      | Found a shimmering blue altar of Sif Muna.
  4500 | D:5      | Reached XP level 8. HP: 67/67 MP: 12/12
  4611 | D:5      | Reached ** piety under Okawaru
  4644 | D:5      | Found a burning altar of Makhleb.
  4644 | D:5      | Noticed a blizzard demon
  4647 | D:5      | Noticed a ynoxinul
  4871 | D:6      | Noticed a seven-headed hydra
  4878 | D:6      | Noticed a wraith
  5082 | D:5      | Slain by a seven-headed hydra

Illustrated notes

Levels and vault maps discovered:
D:1:      ebering_hopf_link, layout_rooms, basic_ecumenical_altar
D:2:      layout_rooms, basic_altar, uniq_robin, uniq_jessica
D:3:      layout_rooms, nemelex_diamond_rough_becter, serial_bayou,
          serial_bayou_pond_d, serial_bayou_ford_a, serial_bayou_lagoon_b,
          serial_bayou_pond_e, serial_bayou_crossing
D:4:      layout_cave_pools, nicolae_ru_the_path_less_chosen,
          minmay_temple_entry_overgrown, gammafunk_ghost_gnarly_gnolls,
          st_stairs_11
D:5:      layout_basic, makhleb_altar_promises_db,
          nicolae_sif_muna_little_library, grunt_qazlal_clouds, serial_undead,
          serial_undead_e, serial_undead_f, serial_undead_e, serial_undead_a,
          skrybe_limestone_x, goddamned_bats
D:6:      layout_basic, nicolae_overflow_crystal_walls, minmay_manual_mail,
          uniq_pikel, uniq_maggie, uniq_blork_the_orc, uniq_prince_ribbit1
Temple:   dpeg_chambers_temple

Skill      XL: |  1  2  3  4  5  6  7  8 |
---------------+-------------------------+-----
Invocations    | 1 2 3 |  3.4
Short Blades   | 1 2 3 |  3.1
Long Blades    | 1 2 3 |  3.1
Maces & Flails | 1 2 3 |  3.1
Polearms       | 1 2 3 |  3.1
Staves         | 1 2 3 |  3.1
Slings         | 1 2 3 |  3.1
Bows           | 1 2 3 |  3.1
Crossbows      | 1 2 3 |  3.1
Throwing       | 1 2 3 |  3.1
Dodging        | 1 2 3 |  3.1
Stealth        | 1 2 3 |  3.1
Unarmed Combat | 1 2 3 |  3.1
Spellcasting   | 1 2 3 |  3.1
Evocations     | 1 2 3 |  3.1
Conjurations   | 1 2 |  2.5
Hexes          | 1 2 |  2.5
Summonings     | 1 2 |  2.5
Necromancy     | 1 2 |  2.5
Translocations | 1 2 |  2.5
Transmutations | 1 2 |  2.5
Fire Magic     | 1 2 |  2.5
Ice Magic      | 1 2 |  2.5
Air Magic      | 1 2 |  2.5
Earth Magic    | 1 2 |  2.5
Poison Magic   | 1 2 |  2.5
Axes           | 5 |  5.6
Fighting       | 7 |  7.3
Armour         | 7 |  7.3
Shields        | 7 |  7.3

Action                   |  1- 3 |  4- 6 |  7- 9 || total
-------------------------+-------+-------+-------++-------
Melee: War axe           |   105 |   152 |   129 ||   386
       Bite              |     8 |    16 |    15 ||    39
  Use: Scroll            |       |     6 |     2 ||     8
       Potion            |       |     1 |       ||     1
Armor: Scale mail        |    63 |    19 |       ||    82
       Chain mail        |       |    61 |   174 ||   235
Dodge: Dodged            |    55 |    57 |    98 ||   210
Block: Buckler           |    34 |    54 |    65 ||   153
